 Dungeon Crawl Stone Soup version 0.18-b1-14-g029dad2 (webtiles) character file.

2604 Alarkh the Spear-Bearer (level 9, -2/61 HPs)
             Began as a Mummy Skald on Apr 30, 2016.
             Was an Initiate of Gozag.
             Slain by a killer bee (3 damage)
             ... on level 6 of the Dungeon.
             The game lasted 00:21:29 (9842 turns).

Alarkh the Spear-Bearer (Mummy Skald)               Turns: 9842, Time: 00:21:29

Health: -2/61      AC:  5    Str: 18    XL:     9   Next: 33%
Magic:  9/15       EV: 11    Int: 14    God:    Gozag
Gold:   771        SH:  0    Dex: 12    Spells: 4 memorised, 8 levels left

rFire  . . .     SeeInvis .     b - +0 halberd
rCold  . . .     Gourm    .     o - +0 leather armour
rNeg   + + +     Faith    .     (shield currently unavailable)
rPois  ∞         Spirit   .     q - +0 helmet
rElec  .         Dismiss  .     v - +0 cloak
rCorr  .         Reflect  .     (no gloves)
SustAt .         Harm     .     (no boots)
MR     +....                    (no amulet)
Stlth  +.........               j - +3 ring of strength
                                l - ring of fire

@: somewhat resistant to hostile enchantments, very unstealthy
A: no food or potions, fire vulnerability, cold resistance 1, negative energy
resistance 3, torment resistance, unbreathing
a: Potion Petition, Call Merchant, Bribe Branch, Renounce Religion


You were on level 6 of the Dungeon.
You worshipped Gozag.
Gozag was noncommittal.
You were not hungry.

You visited 2 branches of the dungeon, and saw 8 of its levels.

You collected 800 gold pieces.
You paid 29 gold pieces to Gozag.

Inventory:

Hand Weapons
 a - a +0 trident
 b - a +0 halberd (weapon)
 h - a +1 spear
Missiles
 x - 2 throwing nets (quivered)
Armour
 o - a +0 leather armour (worn)
 q - a +0 helmet (worn)
 v - a +0 cloak (worn)
Magical Staves
 s - an uncursed staff of power
Jewellery
 j - a +3 ring of strength (right hand)
 l - a ring of fire (left hand)
Wands
 f - a wand of slowing (19/48)
 k - a wand of random effects (16/48)
 m - a wand of paralysis (22/24)
Scrolls
 d - a scroll of enchant weapon
 e - 2 scrolls of fog
 g - 4 scrolls of remove curse
 i - 2 scrolls of random uselessness
 n - a scroll of immolation
 w - a scroll of vulnerability
Books
 c - a book of Battle

   Spells                             Type                      Level
   a - Infusion                       Charms                       1
   b - Shroud of Golubria             Charms/Translocation         2
   c - Song of Slaying                Charms                       2
   d - Spectral Weapon                Hexes/Charms                 3
   e - Regeneration                   Charms/Necromancy            3
 t - a book of Callings

   Spells                             Type                      Level
   a - Summon Small Mammal            Summoning                    1
   b - Call Imp                       Summoning                    2
   c - Call Canine Familiar           Summoning                    3
   d - Summon Guardian Golem          Hexes/Summoning              3
   e - Summon Lightning Spire         Summoning/Air                4
   f - Summon Ice Beast               Ice/Summoning                4
 u - a book of Burglary

   Spells                             Type                      Level
   a - Swiftness                      Charms/Air                   2
   b - Passwall                       Transmutation/Earth          2
   c - Passage of Golubria            Translocation                4
   d - Lee's Rapid Deconstruction     Earth                        5
   e - Darkness                       Hexes                        6
   f - Invisibility                   Hexes                        6


   Skills:
 - Level 2.0 Fighting
 * Level 9.5 Polearms
 - Level 0.7 Armour
 - Level 0.7 Dodging
 + Level 4.3 Spellcasting
 + Level 4.3 Charms


You had 8 spell levels left.
You knew the following spells:

 Your Spells              Type           Power        Failure   Level  Hunger
a - Infusion              Chrm           ###.         4%          1    N/A
b - Song of Slaying       Chrm           ###.....     8%          2    N/A
c - Spectral Weapon       Hex/Chrm       #.......     30%         3    N/A
e - Shroud of Golubria    Chrm/Tloc      #.........   17%         2    N/A

Dungeon Overview and Level Annotations

Branches:
Dungeon (7/15)             Temple (1/1) D:4

Altars:
Ashenzari
Cheibriados
Dithmenos
Elyvilon
Fedhas
Gozag
Kikubaaqudgha
Makhleb
Nemelex Xobeh
Pakellas
Ru
Sif Muna
Trog
Vehumet
Xom
Yredelemnul
Zin
The Shining One


Innate Abilities, Weirdness & Mutations

You do not eat or drink.
Your flesh is vulnerable to fire.
You are immune to poison.
Your flesh is cold resistant.
You are immune to negative energy.
You are immune to unholy pain and torment.
You can survive without breathing.


Message History

* * * LOW HITPOINT WARNING * * *
The killer bee barely misses you. The killer bee misses you.
Casting: Shroud of Golubria
Confirm with . or Enter, or press ? or * to list all spells.
You draw out your weapon's spirit!
The killer bee closely misses you.
The killer bee stings you but does no damage.
You barely miss the killer bee.
Your spectral weapon barely misses the killer bee.
The killer bee closely misses you. The killer bee barely misses you.
You miss the killer bee.
Your spectral weapon barely misses the killer bee.
The killer bee stings you.
* * * LOW HITPOINT WARNING * * *
The killer bee completely misses you.
You barely miss the killer bee.
Your spectral weapon hits the killer bee from afar!
The killer bee closely misses you. The killer bee stings you.
You die...
Your body crumbles into a pile of gold.

###.########.# #.# #.# #.#
#.# ###.# #.### ....#
#...# ######
....########...# #....#
....##....##...# #.##.#
..........##...######.##.#
..............yy@(....##.#
...#......##...#########.#
.........)..>### #.#
#'##.........# #.#
.............# #.#
#..#[....)...# #.#
##.#.....###.# #.#
#(#...[...#.####### #.#
#.###.....#...)...# #.#


You could see 2 killer bees and a friendly spectral halberd.

Vanquished Creatures
  4 yaks (D:6)
  A hungry ghost (D:7)
  The ghost of bollicks1999 the Covert, an amateur OpAs (D:4)
  2 orc warriors (D:5)
  An ogre (D:6)
  A necrophage (D:6)
  A phantom (D:4)
  2 centaurs (D:5)
  2 giant frogs (D:6)
  2 scorpions
  A killer bee (D:7)
  3 howler monkeys
  2 crimson imps (D:6)
  An orc priest (D:4)
  A hound (D:6)
  A gnoll shaman (D:6)
  5 orc wizards
  A giant frog skeleton (D:6)
  An iguana (D:4)
  5 worker ants
  2 hound skeletons
  A howler monkey zombie (D:7)
  A worker ant zombie (D:6)
  Robin (D:4)
  8 gnolls
  4 adders
  A shadow imp (D:5)
  3 oozes
  2 worms (D:4)
  7 giant geckos
  20 orcs
  5 giant cockroaches
  12 goblins
  7 hobgoblins
  8 jackals
  4 quokkas
  A ball python skeleton (D:4)
  3 bats
  5 giant newts
  3 kobolds
  6 rats
142 creatures vanquished.

Vanquished Creatures (others)
  5 spectral weapons
5 creatures vanquished.

Grand Total: 147 creatures vanquished

Notes
Turn   | Place    | Note
--------------------------------------------------------------
     0 | D:1      | Alarkh the Mummy Skald began the quest for the Orb.
     0 | D:1      | Reached XP level 1. HP: 16/16 MP: 3/3
    32 | D:1      | Reached skill level 2 in Polearms
   126 | D:1      | Reached XP level 2. HP: 14/22 MP: 0/5
   334 | D:1      | You fall through a shaft!
   483 | D:1      | Reached XP level 3. HP: 23/27 MP: 0/6
   698 | D:1      | Reached skill level 3 in Polearms
  1766 | D:3      | Reached XP level 4. HP: 21/33 MP: 4/7
  1851 | D:3      | Learned a level 2 spell: Song of Slaying
  1854 | D:3      | Learned a level 2 spell: Shroud of Golubria
  2262 | D:4      | Noticed bollicks1999's ghost (amateur OpAs)
  2374 | D:4      | Noticed a phantom
  2393 | D:4      | Found a staircase to the Ecumenical Temple.
  2421 | Temple   | Entered the Ecumenical Temple
  2685 | Temple   | Became a worshipper of Gozag Ym Sagoz the Greedy
  2707 | D:4      | Reached skill level 4 in Polearms
  2759 | D:4      | Reached XP level 5. HP: 24/38 MP: 1/8
  3764 | D:4      | Killed a phantom
  3764 | D:4      | Reached skill level 5 in Polearms
  3764 | D:4      | Reached XP level 6. HP: 13/44 MP: 2/9
  3975 | D:5      | Entered Level 5 of the Dungeon
  3980 | D:5      | Learned a level 3 spell: Spectral Weapon
  4068 | D:4      | Noticed Robin
  4179 | D:4      | Killed bollicks1999's ghost
  4362 | D:4      | Reached skill level 6 in Polearms
  4669 | D:4      | Killed Robin
  4862 | D:4      | You fall through a shaft for 3 floors!
  4900 | D:7      | Noticed a hungry ghost
  4928 | D:7      | Killed a hungry ghost
  4928 | D:7      | Reached XP level 7. HP: 47/50 MP: 0/10
  5198 | D:6      | Noticed a yak
  5199 | D:6      | Noticed a yak
  5199 | D:6      | Noticed a yak
  5665 | D:5      | Reached skill level 7 in Polearms
  6972 | D:6      | Noticed a yak
  7409 | D:5      | Reached XP level 8. HP: 48/56 MP: 6/11
  7492 | D:6      | Reached skill level 8 in Polearms
  8962 | D:6      | Reached skill level 9 in Polearms
  8969 | D:6      | Reached XP level 9. HP: 36/61 MP: 1/14
  9835 | D:6      | HP: 2/61 [killer bee (3)]
  9841 | D:6      | HP: 1/61 [killer bee (2)]
  9842 | D:6      | Slain by a killer bee

Skill      XL: |  1  2  3  4  5  6  7  8  9 |
---------------+----------------------------+-----
Polearms       | 2 3 4 5 6 7 9 |  9.5
Charms         | 3 4 |  4.3
Spellcasting   | 3 4 |  4.3
Fighting       | |  2.0
Armour         | |  0.7
Dodging        | |  0.7

Action                   |  1- 3 |  4- 6 |  7- 9 || total
-------------------------+-------+-------+-------++-------
Melee: Spear             |   138 |   297 |    37 ||   472
       Halberd           |       |       |   215 ||   215
       Trident           |       |       |    22 ||    22
 Cast: Infusion          |    28 |    30 |    17 ||    75
       Shroud of Golubri |       |    10 |    16 ||    26
       Spectral Weapon   |       |     1 |    19 ||    20
Evoke: Wand              |       |     1 |     2 ||     3
  Use: Scroll            |     2 |     5 |     9 ||    16
 Stab: Sleeping          |     1 |       |     2 ||     3
       Paralysed         |       |     8 |       ||     8
Armor: Leather armour    |    22 |    37 |    94 ||   153
Dodge: Dodged            |    51 |   121 |   203 ||   375
